 Dungeon Crawl Stone Soup version 0.25.1-1-g288607f (webtiles) character file.

Game seed: 8568349778027091766

12 Grimbyte the Conjurer (level 2, 0/15 HPs)
             Began as a Kobold Conjurer on Nov 17, 2020.
             Slain by a kobold
             ... wielding a +0 short sword
              (1 damage)
             ... on level 2 of the Dungeon.
             The game lasted 00:17:24 (962 turns).

Grimbyte the Conjurer (Kobold Conjurer)              Turns: 962, Time: 00:17:25

Health: 0/15       AC:  6    Str:  5    XL:     2   Next: 45%
Magic:  5/5        EV: 12    Int: 16    God:
Gold:   46         SH:  0    Dex: 15    Spells: 5/6 levels left

rFire    . . .     SeeInvis .   (weapon restricted)
rCold    . . .     Gourm    .   (shield restricted)
rNeg     . . .     Faith    .   k - +0 ring mail
rPois    .         Spirit   .   (no helmet)
rElec    .         Reflect  .   (no cloak)
rCorr    .         Harm     .   h - +0 pair of gloves
MR       .....                  (no boots)
Stlth    ++........             (no amulet)
HPRegen  0.05/turn              (no ring)
MPRegen  0.09/turn              (no ring)

@: no status effects
A: small, carnivore
a: no special abilities


You were on level 2 of the Dungeon.
You were completely stuffed.

You visited 1 branch of the dungeon, and saw 2 of its levels.

You collected 46 gold pieces.

Inventory:

Missiles
 b - 54 stones (quivered)
 e - 16 bolts
 g - 13 sling bullets
Armour
 h - a +0 pair of gloves (worn)
 i - a +0 leather armour
 k - a +0 ring mail (worn)
Jewellery
 n - a cursed ring of teleportation {unknown}
Scrolls
 d - a scroll of enchant armour {unknown}
 f - a scroll of identify {unknown}
 j - a scroll of noise {unknown}
Potions
 a - a potion of stabbing {unknown}
 l - a potion of berserk rage {unknown}
 m - a potion of cancellation {unknown}
Comestibles
 c - 7 rations


   Skills:
 + Level 2.7 Dodging
 + Level 2.9 Stealth
 * Level 2.5 Spellcasting
 * Level 4.2 Conjurations


You had 5 spell levels left.
You knew the following spells:

 Your Spells              Type           Power        Failure   Level  Hunger
a - Magic Dart            Conj           ###.         17%         1    #......

Your spell library contained the following spells:

 Spells                   Type           Power        Failure   Level  Hunger
 Searing Ray              Conj           ###...       26%         2    ##.....
 Dazzling Flash           Conj/Hex       #.....       77%         3    ###....
 Fulminant Prism          Conj/Hex       #.........   99%         4    #####..
 Iskenderun's Mystic Bla  Conj/Tloc      #.......     99%         4    #####..


Dungeon Overview and Level Annotations

Branches:
Dungeon (2/15)

Altars:


Innate Abilities, Weirdness & Mutations

You are small and have problems with some larger weapons.
You are carnivorous and can eat meat at any time.


Message History

The kobold is heavily wounded.
The bat barely misses you. The kobold barely misses you.
You miss the kobold.
The kobold is heavily wounded.
The bat hits you but does no damage. The kobold completely misses you.
You hit the kobold but do no damage.
The kobold is heavily wounded.
The bat hits you but does no damage. The kobold hits you but does no damage.
You closely miss the kobold.
The kobold is heavily wounded.
The bat barely misses you. The kobold closely misses you.
Your ring mail prevents you from hitting the kobold.
The kobold is heavily wounded.
The bat hits you but does no damage.
The kobold hits you with a +0 short sword.
* * * LOW HITPOINT WARNING * * *
Your ring mail prevents you from hitting the kobold.
The kobold is heavily wounded.
The kobold hits you with a +0 short sword.
You die...

#.#..###.....%#####.#
..$.........##........
## .#..###.#.##<###. #
#..........#
#......#####
.......#.#..#####
#####..#.#.......
#..#Kb...## #...#@.!.#
#)K###...# #.# .......
... ##.#### ### .# #


You could see a bat and a kobold.

Vanquished Creatures
  A dart slug (D:1)
  2 hobgoblins (D:1)
  3 bats (D:1)
  2 frilled lizards (D:1)
  A kobold (D:1)
  2 rats (D:1)
11 creatures vanquished.

Notes
Turn   | Place    | Note
-------+----------+-------------------------------------------
     0 | D:1      | Grimbyte the Kobold Conjurer began the quest for the Orb.
     0 | D:1      | Reached XP level 1. HP: 10/10 MP: 3/3
   350 | D:1      | Reached XP level 2. HP: 15/15 MP: 1/5
   874 | D:2      | Noticed an ogre
   962 | D:2      | Slain by a kobold

Illustrated notes

Levels and vault maps discovered:
D:1:      dpeg_arrival_boxes_within_box, layout_loops_ring
D:2:      layout_loops_ring, first_ration

Action                   || total
-------------------------++-------
Melee: Unarmed           ||    57
Throw: Stone             ||    22
 Cast: Magic Dart        ||    16
  Eat: Chunk             ||     9
Armor: Ring mail         ||    22
       Robe              ||     1
Dodge: Dodged            ||    43
